 Dungeon Crawl Stone Soup version 0.29.1-13-g9f3cf754e1 (webtiles) character file.

Game seed: 8623929159639576802

5807 croobank the Covert (level 10, -16/69 HPs)
             Began as an Octopode Summoner on Jan 25, 2023.
             Was an Initiate of Gozag.
             Demolished by a sun demon (18 damage)
             ... summoned by a kobold demonologist
             ... on level 9 of the Dungeon.
             The game lasted 00:33:36 (10701 turns).

croobank the Covert (Octopode Summoner)            Turns: 10701, Time: 00:33:36

Health: -16/69     AC:  1    Str: 13    XL:     10   Next: 79%
Magic:  0/19       EV: 15    Int: 23    God:    Gozag
Gold:   995        SH:  0    Dex: 12    Spells: 8/21 levels left

rFire   . . .      SeeInvis .   x - +1 quarterstaff (spect)
rCold   . . .      Faith    .   (shield currently unavailable)
rNeg    . . .      Spirit   +   (helmet restricted)
rPois   .          Reflect  .   b - amulet of guardian spirit
rElec   .          Harm     .   G - ring of willpower
rCorr   .          Rampage  .   L - +6 ring of strength
Will    +....                   (no ring)
Stlth   +++++.....              (no ring)
HPRegen 0.21/turn               (no ring)
MPRegen 0.16/turn               (no ring)
                                (no ring)
                                (no ring)

@: about to teleport
A: almost no armour, amphibious, 8 rings, camouflage 1, gelatinous body 1,
(nimble swimmer 1), tentacles
a: Renounce Religion, Potion Petition, Call Merchant, Bribe Branch


You were on level 9 of the Dungeon.
You worshipped Gozag.
Gozag was pleased with you.
You visited 2 branches of the dungeon, and saw 10 of its levels.

You collected 1169 gold pieces.
You spent 30 gold pieces at shops.
You paid 144 gold pieces to Gozag.

Inventory:

Hand Weapons
 a - a +1 short sword of venom
 c - a +0 short sword
 e - a +2 dagger of pain
 f - a +0 hand axe
 h - a +0 vorpal flail
 j - a +0 dagger of draining
 p - a +0 long sword
 x - a +1 spectral quarterstaff (weapon)
 H - the +4 quarterstaff of Contention {vorpal, rC+ Str+3 Dex+5}
   (You found it on level 8 of the Dungeon)

   It inflicts extra damage upon your enemies.
   Str:       It affects your strength (+3).
   Dex:       It affects your dexterity (+5).
   rC:        It protects you from cold.
 I - a +0 broad axe
Missiles
 o - 9 poisoned darts (quivered)
 M - 4 curare-tipped darts
Jewellery
 b - an amulet of guardian spirit (around mantle)
 A - a ring of positive energy
 G - a ring of willpower (left tentacle)
 L - a +6 ring of strength (right tentacle)
Wands
 w - a wand of mindburst (21)
 J - a wand of charming (7)
Scrolls
 d - a scroll of fear
 g - 2 scrolls of identify
 i - 2 scrolls of vulnerability {unknown}
 k - 2 scrolls of amnesia {unknown}
 l - 3 scrolls of immolation {unknown}
 v - a scroll of poison {unknown}
 y - a scroll of brand weapon {unknown}
 z - a scroll of blinking {unknown}
 B - a scroll of fog {unknown}
 D - a scroll of noise {unknown}
 E - 2 scrolls of enchant armour {unknown}
Potions
 n - 2 potions of curing
 q - a potion of mutation
 r - a potion of lignification {unknown}
 s - a potion of resistance {unknown}
 t - a potion of brilliance {unknown}
 u - a potion of flight {unknown}
 C - 5 potions of heal wounds {unknown}
 F - a potion of attraction {unknown}
 K - a potion of might {unknown}


   Skills:
 + Level 6.3 Fighting
 + Level 6.9 Dodging
 + Level 9.6 Stealth
 + Level 6.2 Spellcasting
 - Level 5.0 Hexes
 + Level 7.8 Summonings
 + Level 2.9 Air Magic


You had 8 spell levels left.
You knew the following spells:

 Your Spells              Type           Power      Damage    Failure   Level
a - Summon Small Mammal   Summ           100%       N/A       1%          1
b - Call Imp              Summ           43%        N/A       1%          2
c - Call Canine Familiar  Summ           43%        N/A       1%          3
d - Summon Guardian Gole  Hex/Summ       36%        N/A       1%          3
e - Summon Lightning Spi  Summ/Air       31%        N/A       9%          4

Your spell library contained the following spells:

 Spells                   Type           Power      Damage    Failure   Level


Dungeon Overview and Level Annotations

Branches:
Dungeon (9/15)             Temple (1/1) D:6            Lair (0/5) D:8
    Orc (0/2) D:9

Altars:
Ashenzari
Cheibriados
Dithmenos
Elyvilon
Fedhas
Gozag
Hepliaklqana
Kikubaaqudgha
Makhleb
Nemelex Xobeh
Okawaru
Qazlal
Ru
Sif Muna
Trog
Uskayaw
Vehumet
Wu Jian
Xom
Yredelemnul
Zin
The Shining One

Shops:
D:4 =!   D:5 :   D:8 (

Annotations:
D:2 Sigmund


Innate Abilities, Weirdness & Mutations

You cannot wear most types of armour.
You are amphibious.
You can wear up to eight rings at the same time.
Your skin changes colour to match your surroundings (Stealth+).
Your rubbery body absorbs attacks. (AC +1, EV +1)
((You are camouflaged when in or above water. (Stealth+)))
You have tentacles for arms and can constrict up to eight enemies at once.


Message History

The yak misses you.
The yak is distracted by your dazzling golden aura.
The kobold demonologist shouts!
The yak bellows!
You thump the yak!
You kill the yak!
The sun demon hits your lightning spire but does no damage.
The soul eater draws from the surrounding life force!
The sun demon hits your lightning spire but does no damage.
What are your orders? t - Shout!
Orders for allies: a - Attack new target. p - Attack previous target. r - Retreat! s - Stop attacking. g - Guard the area. f - Follow me.
Anything else - Cancel.
Gang up on whom?
Press: ? - help, Dir - move target, f/p - kobold demonologist
Aim: a kobold demonologist, wielding a +0 dagger and wearing a +0 robe Attack!
The sun demon completely misses your lightning spire.
As you read the scroll labelled XOAMME GUHEH, it crumbles to dust.
It is a scroll of identify.
q - a potion of mutation The kobold demonologist is no longer distracted by gold.
The yak is no longer distracted by gold.
The sun demon hits your lightning spire!
Your lightning spire is engulfed in flames.
Your lightning spire resists.
Your lightning spire is destroyed!
Your lightning spire disappears in a puff of smoke!
The soul eater is distracted by your dazzling golden aura.
As you read the scroll of teleportation, it crumbles to dust.
You feel strangely unstable.
The kobold demonologist is distracted by your dazzling golden aura.
The sun demon attacks as you move away! The sun demon hits you!
* * * LOW HITPOINT WARNING * * *
You are engulfed in flames!!
* * * LOW HITPOINT WARNING * * *
The sun demon hits you!!
You die...
Your body crumbles into a pile of gold.

##.....####.........##
##...................#
#♣P.~♣#...#..........#
.♣P[♣♣...............##
♣♣~~P♣♣....)..........### .#
♣♣P~.♣♣♣................##.#
♣♣♣.~♣♣♣♣♣.))...............
♣P~~.♣~♣♣♣.................#.
~~..~~~~~.)))...@.Y.....#....
.♣~~~~~♣♣♣)).....3§§....>...
♣♣~~~♣♣♣♣♣#).........$......
♣P~♣♣ ♣........§.§.....## .
♣♣~♣♣♣####.............## ....
♣~~♣♣.####.#........3..####..##.
#♣..♣♣....)....)...)..°K.........
......###...........).o..........
#.######....###........$####.#...


You could see a soul eater (summoned, unaware), a sun demon (summoned), a kobold
demonologist (unaware), a yak and an orc.

Vanquished Creatures
  A kobold demonologist (D:9)
  A yak (D:9)
  A water moccasin (D:6)
  An ice beast (D:6)
  An orc warrior (D:6)
  A kobold brigand (D:9)
  3 bullfrogs
  A necrophage (D:6)
  2 scorpions (D:6)
  A killer bee (D:7)
  2 howler monkeys
  6 orc priests
  3 hounds
  A jelly (D:6)
  2 iguanas (D:6)
  4 orc wizards
  Robin (D:3)
  A gnoll (D:4)
  2 adders
  A shadow imp (D:7)
  2 dart slugs (D:3)
  13 orcs
  5 bats
  3 endoplasms
  2 goblins (D:3)
  3 hobgoblins
  6 jackals
  4 kobolds
  3 quokkas
  A ball python (D:1)
  A frilled lizard (D:3)
  2 rats
81 creatures vanquished.

Vanquished Creatures (collateral kills)
  A kobold demonologist (D:9)
  3 yaks (D:9)
  A steam dragon (D:9)
  A water moccasin (D:8)
  An ice beast (D:7)
  A bullfrog (D:6)
  A kobold brigand (D:9)
  2 scorpions
  4 necrophages
  2 jellies
  2 orc priests (D:8)
  An iguana (D:5)
  2 orc wizards
  4 gnolls
  4 adders
  A white imp (D:6)
  2 worms
  2 dart slugs
  10 orcs
  5 ball pythons
  2 endoplasms
  3 giant cockroaches
  13 goblins
  3 hobgoblins (D:3)
  3 jackals
  2 kobolds
  A bat (D:3)
  2 frilled lizards
79 creatures vanquished.

Vanquished Creatures (others)
  A two-headed ogre (D:8)
  5 yaks (D:9)
  2 orc warriors
  A centaur (D:7)
  A necrophage (D:7)
  2 gnoll sergeants
  5 killer bees (D:7)
  An orc priest (D:9)
  A gnoll bouda (D:6)
  An orc wizard (D:9)
  An iguana (D:7)
  8 gnolls
  2 orcs (D:8)
  A bush (D:7)
  57 plants
89 creatures vanquished.

Grand Total: 249 creatures vanquished

Notes
Turn   | Place    | Note
-------+----------+-------------------------------------------
     0 | D:1      | croobank the Octopode Summoner began the quest for the Orb.
     0 | D:1      | Reached XP level 1. HP: 11/11 MP: 3/3
   424 | D:1      | Reached skill level 3 in Stealth
   424 | D:1      | Reached XP level 2. HP: 17/17 MP: 1/5
   639 | D:1      | Learned a level 2 spell: Call Imp
  1234 | D:1      | Reached XP level 3. HP: 22/22 MP: 6/6
  1238 | D:1      | Learned a level 3 spell: Call Canine Familiar
  1911 | D:2      | Noticed Sigmund
  2003 | D:3      | Reached skill level 1 in Fighting
  2003 | D:3      | Reached XP level 4. HP: 28/28 MP: 0/7
  2843 | D:3      | Noticed Robin
  2984 | D:3      | Killed Robin
  3052 | D:4      | Found Xeumm's Distillery.
  3067 | D:4      | Bought a potion of curing for 30 gold pieces
  3122 | D:4      | Noticed a scorpion
  3138 | D:4      | Killed a scorpion
  3139 | D:4      | Reached skill level 4 in Stealth
  3139 | D:4      | Reached XP level 5. HP: 34/34 MP: 1/9
  3247 | D:4      | Found Keeneoq's Jewellery Emporium.
  3729 | D:4      | Reached XP level 6. HP: 39/39 MP: 6/10
  4105 | D:5      | Entered Level 5 of the Dungeon
  4415 | D:5      | Reached skill level 5 in Stealth
  4425 | D:5      | Reached skill level 5 in Summonings
  4503 | D:5      | Found Yqym's Tremendous Tomes.
  4710 | D:5      | Learned a level 3 spell: Summon Guardian Golem
  4740 | D:6      | Reached XP level 7. HP: 32/45 MP: 6/12
  5053 | D:6      | Found a staircase to the Ecumenical Temple.
  5090 | Temple   | Entered the Ecumenical Temple
  5328 | Temple   | Became a worshipper of Gozag Ym Sagoz the Greedy
  5532 | D:6      | Reached skill level 1 in Hexes
  5951 | D:6      | Found a white marble altar of Elyvilon.
  5953 | D:6      | Found an ornate altar of the Wu Jian Council.
  5997 | D:6      | Reached skill level 6 in Stealth
  5997 | D:6      | Reached XP level 8. HP: 33/52 MP: 2/13
  6374 | D:6      | Identified the +3 leather armour of Leaves {Fly rPois
                  | Str+3}
  6647 | D:7      | Reached skill level 5 in Dodging
  6647 | D:7      | Reached skill level 7 in Stealth
  6983 | D:7      | Reached XP level 9. HP: 56/59 MP: 9/16
  7164 | D:7      | Identified the +0 leather armour "Yvyinwiu" {rC- rN+++
                  | Str+5}
  7546 | D:7      | Reached skill level 5 in Spellcasting
  7861 | D:8      | Noticed a two-headed ogre
  7892 | D:8      | Killed a two-headed ogre
  7893 | D:8      | Reached skill level 5 in Fighting
  7893 | D:8      | Reached skill level 8 in Stealth
  8103 | D:8      | Identified the +4 quarterstaff of Contention {vorpal, rC+
                  | Str+3 Dex+5}
  8615 | D:8      | Found Jiyva's Hydra Hut.
  8619 | D:8      | Noticed a four-headed hydra
  8666 | D:8      | Learned a level 4 spell: Summon Lightning Spire
  8874 | D:8      | Reached XP level 10. HP: 31/66 MP: 8/18
  9496 | D:8      | Found a staircase to the Lair.
  9663 | D:9      | Reached skill level 1 in Air Magic
  9667 | D:9      | Reached skill level 9 in Stealth
  9764 | D:9      | Found a staircase to the Orcish Mines.
  9764 | D:9      | Noticed a kobold demonologist
  9764 | D:9      | Noticed a kobold demonologist
  9764 | D:9      | Noticed a kobold demonologist
  9805 | D:9      | Reached skill level 5 in Hexes
 10063 | D:9      | Noticed a rust devil
 10067 | D:9      | Killed a kobold demonologist
 10430 | D:9      | Killed a kobold demonologist
 10435 | D:9      | Noticed a rust devil
 10691 | D:9      | Noticed a sun demon
 10695 | D:9      | Noticed a soul eater
 10701 | D:9      | HP: 2/69 [sun demon[a kobold demonologist] (17)]
 10701 | D:9      | Demolished by a sun demon

Illustrated notes

Levels and vault maps discovered:
D:1:      spicycebolla_arrival_ecumenical, layout_basic, roderic_lattice_a,
          nrook_uturn
D:2:      layout_loops_ring, basic_altar, uniq_sigmund
D:3:      layout_basic, uniq_robin
D:4:      wad_crossroads, layout_basic, serial_shops,
          nicolae_shop_temple_entry_statues_fountains,
          corexii_item_surrounded_by_moat, minmay_shop_enchanted_jewellery,
          chequers_serial_rivers_micro_e
D:5:      layout_cave_pools, nicolae_shop_i_like_big_books
D:6:      layout_rooms, jmf_multi_god_temple, temple_pool_b
D:7:      layout_rooms, kb_lookout_dungeons_type
D:8:      layout_loops_ring, lair_entry_dummy, doesnt_shop_hydraphobe
D:9:      layout_rooms, david_orc_3, serial_bayou, serial_bayou_pond_d,
          serial_bayou_shore_a, serial_bayou_lagoon_a, serial_bayou_crossing,
          serial_bayou_pond_e, serial_bayou_shore_b
Temple:   mainiacjoe_temple_big_plus

Skill      XL: |  1  2  3  4  5  6  7  8  9 10 |
---------------+-------------------------------+-----
Stealth        | 3 4 5 6 7 8 9 |  9.6
Fighting       | 1 2 3 4 5 6 |  6.3
Dodging        | 3 4 5 6 |  6.9
Spellcasting   | 3 4 5 6 |  6.2
Summonings     | 5 6 7 |  7.8
Hexes          | 1 3 4 5 |  5.0
Air Magic      | 2 |  2.9

Action                   |  1- 3 |  4- 6 |  7- 9 | 10-12 || total
-------------------------+-------+-------+-------+-------++-------
Melee: Unarmed           |     4 |       |       |       ||     4
       Short sword       |     5 |       |       |       ||     5
       Constrict         |     5 |    18 |    23 |     7 ||    53
       Tentacles         |     3 |    13 |    16 |    12 ||    44
       Dagger            |    17 |    60 |       |       ||    77
       Quarterstaff      |       |     3 |    59 |    32 ||    94
       Punch             |       |       |     2 |       ||     2
Throw: Dart              |       |     3 |       |       ||     3
       Throwing net      |       |       |     3 |       ||     3
 Cast: Summon Small Mamm |    35 |    24 |    22 |     3 ||    84
       Call Imp          |     9 |    10 |    12 |     3 ||    34
       Call Canine Famil |     6 |    13 |    23 |     6 ||    48
       Summon Guardian G |       |       |    25 |    10 ||    35
       Summon Lightning  |       |       |       |     7 ||     7
Evoke: Wand              |       |       |     1 |       ||     1
  Use: Potion            |     2 |       |       |     3 ||     5
       Scroll            |     1 |     2 |       |     5 ||     8
 Stab: Sleeping          |     6 |     6 |     2 |       ||    14
       Distracted        |     1 |       |       |       ||     1
Armor: Skin              |     2 |     7 |     4 |     1 ||    14
Dodge: Dodged            |    15 |    40 |    37 |    23 ||   115
